 Dungeon Crawl Stone Soup version 0.31-a0-987-g3233f18 (webtiles) character file.

Game seed: 6174204148423520950

2380931 UnitStreak the Wrestler (level 22, 237/237 HPs)
             Began as an Armataur Fighter on Nov 3, 2023.
             Was an Initiate of Gozag.
             Escaped with the Orb
             ... and 3 runes!
             The game lasted 01:01:28 (33620 turns).

UnitStreak the Wrestler (Armataur Fighter)         Turns: 33620, Time: 01:01:29

Health: 237/237    AC: 27    Str: 31    XL:     22   Next: 83%
Magic:  22/22      EV: 10    Int:  7    God:    Gozag
Gold:   1690       SH: 18    Dex: 11    Spells: 21/21 levels left

rFire   + +          .
                       - Unarmed
rCold   + + +        c - +5 kite shield
rNeg    + . .        Y - +6 scale mail {rPois}
rPois   +            l - +0 hat of Eternity {Drain rC+ rN+ SInv}
rElec   +            S - +1 cloak of Wu Jian's Condemnation {Will+}
rCorr   .            T - +2 pair of gloves of Pride {Drain rF- Regen+ SInv}
SInv    +            E - +0 barding "Hyfot" {rC+ Slay+2 Stlth+}
Will    +++..        u - amulet of Vitality {RegenMP++ Regen++}
Stlth   +            m - ring of Dajirij {rElec rF+++ rC- Will+ Int+3}
HPRegen 2.99/turn    P - ring of the Baleful Lime {rC++ EV+5 Int-5 Slay+4 SInv}
MPRegen 0.98/turn

%: roll
@: hasted, studying 2 skills, very quick
A: large, rugged brown scales 3, deformed body, armoured tail, roll, long
tongue, awkward tongue
0: Orb of Zot
}: 3/15 runes: decaying, silver, gossamer
a: Renounce Religion, Potion Petition, Call Merchant, Bribe Branch


You escaped.
You worshipped Gozag.
Gozag was most pleased with you.
You visited 9 branches of the dungeon, and saw 47 of its levels.
You visited the Abyss 1 time.
You also visited: Sewer and Bailey.

You collected 19131 gold pieces.
You spent 5831 gold pieces at shops.
You paid 11610 gold pieces to Gozag.

Inventory:

Missiles
 p - 47 poisoned darts
 w - a throwing net
Armour
 c - a +5 kite shield (worn)
 l - the +0 hat of Eternity (worn) {Drain rC+ rN+ SInv}
   (You found it on level 8 of the Dungeon)

   rC+:       It protects you from cold.
   rN+:       It protects you from negative energy.
   SInv:      It lets you see invisible.
   Drain:     It drains your maximum health when unequipped.
 E - the +0 barding "Hyfot" (worn) {rC+ Slay+2 Stlth+}
   (You acquired it on level 1 of the Elven Halls)

   Slay+2:    It affects your accuracy & damage with ranged weapons and melee
   (+2).
   rC+:       It protects you from cold.
   Stlth+:    It makes you more stealthy.
 S - the +1 cloak of Wu Jian's Condemnation (worn) {Will+}
   (You found it on level 3 of the Elven Halls)

   Will+:     It increases your willpower.
 T - the +2 pair of gloves of Pride (worn) {Drain rF- Regen+ SInv}
   (You found it on level 2 of the Spider Nest)

   rF-:       It makes you vulnerable to fire.
   SInv:      It lets you see invisible.
   Regen+:    It increases your rate of health regeneration.
   Drain:     It drains your maximum health when unequipped.
 Y - a +6 scale mail of poison resistance (worn)
Jewellery
 k - a ring of fire
 m - the ring of Dajirij (left hand) {rElec rF+++ rC- Will+ Int+3}
   (You bought it in a shop on level 11 of the Dungeon)

   [ring of willpower]

   Int+3:     It affects your intelligence (+3).
   rF+++:     It renders you almost immune to fire.
   rC-:       It makes you vulnerable to cold.
   rElec:     It insulates you from electricity.
   Will+:     It increases your willpower.
 o - the ring of Muommu {rF+ rN+ Slay+5}
   (You bought it in a shop on level 11 of the Dungeon)

   [ring of protection from fire]

   Slay+5:    It affects your accuracy & damage with ranged weapons and melee
   (+5).
   rF+:       It protects you from fire.
   rN+:       It protects you from negative energy.
 u - the amulet of Vitality (around neck) {RegenMP++ Regen++}
   (You bought it in a shop on level 5 of the Lair of Beasts)

   [amulet of magic regeneration]

   RegenMP:   It increases your rate of magic regeneration.
   Regen++:   It increases your rate of health regeneration.
 H - a ring of flight
 P - the ring of the Baleful Lime (right hand) {rC++ EV+5 Int-5 Slay+4 SInv}
   (You took it off a wight on level 7 of the Dungeon)

   [ring of evasion]

   EV+5:      It affects your evasion (+5).
   Int-5:     It affects your intelligence (-5).
   Slay+4:    It affects your accuracy & damage with ranged weapons and melee
   (+4).
   rC++:      It greatly protects you from cold.
   SInv:      It lets you see invisible.
 Q - the ring "Sywnargh" {rF+ rC+ rN+ Str+2 Dex-5 SInv}
   (You found it on level 9 of the Dungeon)

   [ring of protection from cold]

   Str+2:     It affects your strength (+2).
   Dex-5:     It affects your dexterity (-5).
   rF+:       It protects you from fire.
   rC+:       It protects you from cold.
   rN+:       It protects you from negative energy.
   SInv:      It lets you see invisible.
 W - a ring of resist corrosion
Wands
 b - a wand of quicksilver (29)
 e - a wand of roots (18)
 y - a wand of paralysis (21)
 z - a wand of mindburst (21)
 M - a wand of flame (53)
 N - a wand of digging (6)
Scrolls
 a - 3 scrolls of torment
 g - 12 scrolls of teleportation
 h - 4 scrolls of brand weapon
 i - 2 scrolls of silence
 n - 2 scrolls of amnesia
 q - 6 scrolls of immolation
 s - 13 scrolls of fog
 t - 6 scrolls of poison
 B - a scroll of blinking
 D - 2 scrolls of fear
 R - 10 scrolls of enchant weapon
 V - 4 scrolls of noise
 Z - 2 scrolls of vulnerability
Potions
 d - 15 potions of heal wounds
 f - 6 potions of berserk rage
 j - 13 potions of ambrosia
 r - 5 potions of might
 v - 3 potions of invisibility
 x - 10 potions of attraction
 C - 6 potions of lignification
 F - 11 potions of curing
 G - 6 potions of magic
 I - 6 potions of resistance
 J - 9 potions of brilliance
 K - 3 potions of enlightenment
 L - 7 potions of mutation
 O - 3 potions of haste
Miscellaneous
 U - a phantom mirror
 X - a lightning rod (4/4)


   Skills:
 + Level 23.8 Fighting
 - Level 12.2 Armour
 - Level 15.0 Shields
 + Level 25.4 Unarmed Combat


You had 21 spell levels left.
You didn't know any spells.
Your spell library contained the following spells:

 Spells                   Type           Power      Damage    Failure   Level
 Freeze                   Ice            0%         1d3       73%         1
 Magic Dart               Conj           0%         1d3       73%         1
 Sandblast                Erth           0%         2d4       73%         1
 Shock                    Conj/Air       0%         1d3       73%         1
 Sting                    Tmut/Pois      0%         1d3       73%         1
 Summon Small Mammal      Summ           0%         N/A       73%         1
 Blink                    Tloc           0%         N/A       86%         2
 Call Imp                 Summ           0%         N/A       86%         2
 Cigotuvi's Dreadful Rot  Necr/Pois/Air  0%         N/A       86%         2
 Poisonous Vapours        Pois/Air       0%         N/A       86%         2
 Sublimation of Blood     Necr           0%         N/A       86%         2
 Wereblood                Tmut           0%         N/A       86%         2
 Call Canine Familiar     Summ           0%         N/A       97%         3
 Frozen Ramparts          Ice            0%         1d1       97%         3
 Gell's Gravitas          Tloc           0%         N/A       97%         3
 Hailstorm                Conj/Ice       0%         3d3       97%         3
 Mephitic Cloud           Conj/Pois/Air  0%         N/A       97%         3
 Sigil of Binding         Hex            0%         N/A       97%         3
 Summon Guardian Golem    Hex/Summ       0%         N/A       97%         3
 Swiftness                Air            0%         N/A       97%         3
 Teleport Other           Tloc           0%         N/A       97%         3
 Volatile Blastmotes      Fire/Tloc      0%         2d10      97%         3
 Airstrike                Air            0%         2d(0-16)  100%        4
 Animate Armour           Summ/Erth      0%         N/A       100%        4
 Brom's Barrelling Bould  Conj/Erth      0%         2d3       100%        4
 Dimensional Bullseye     Hex/Tloc       0%         N/A       100%        4
 Dispel Undead            Necr           0%         3d6       100%        4
 Flame Wave               Conj/Fire      0%         2d4       100%        4
 Fulminant Prism          Conj/Hex       0%         3d5       100%        4
 Iskenderun's Mystic Bla  Conj/Tloc      0%         2d3       100%        4
 Leda's Liquefaction      Hex/Erth       0%         N/A       100%        4
 Manifold Assault         Tloc           0%         N/A       100%        4
 Olgreb's Toxic Radiance  Pois           0%         N/A       100%        4
 Petrify                  Tmut/Erth      0%         N/A       100%        4
 Summon Ice Beast         Ice/Summ       0%         N/A       100%        4
 Summon Lightning Spire   Summ/Air       0%         N/A       100%        4
 Vhi's Electric Charge    Tloc/Air       0%         N/A       100%        4
 Arcjolt                  Conj/Air       0%         1d10      100%        5
 Fireball                 Conj/Fire      0%         3d3       100%        5
 Freezing Cloud           Conj/Ice/Air   0%         6-21      100%        5
 Irradiate                Conj/Tmut      0%         3d11      100%        5
 Iskenderun's Battlesphe  Conj           0%         2d6       100%        5
 Lee's Rapid Deconstruct  Erth           0%         3d4*      100%        5
 Metabolic Englaciation   Hex/Ice        0%         N/A       100%        5
 Summon Mana Viper        Hex/Summ       0%         N/A       100%        5
 Conjure Ball Lightning   Conj/Air       0%         3x3d6     100%        6
 Death Channel            Necr           0%         N/A       100%        6
 Dispersal                Tloc           0%         N/A       100%        6
 Plasma Beam              Fire/Air       0%         2x1d10    100%        6
 Starburst                Conj/Fire      0%         6d3       100%        6
 Haunt                    Necr/Summ      0%         N/A       100%        7
 Malign Gateway           Summ/Tloc      0%         N/A       100%        7
 Monstrous Menagerie      Summ           0%         N/A       100%        7
 Orb of Destruction       Conj           0%         9d5       100%        7
 Ozocubu's Refrigeration  Ice            0%         4d7       100%        7
 Borgnjor's Revivificati  Necr           0%         N/A       100%        8
 Death's Door             Necr           0%         N/A       100%        9
 Fire Storm               Conj/Fire      0%         5d1       100%        9


Dungeon Overview and Level Annotations

Branches:
Dungeon (15/15)              Lair (5/5) D:10          Swamp (4/4) Lair:3
 Spider (4/4) Lair:2        Slime (0/5) Lair:4          Orc (2/2) D:12
    Elf (3/3) Orc:2        Vaults (5/5) D:13         Depths (4/4) D:15
    Zot (5/5) Depths:4      Sewer (visited)          Bailey (visited)
 Temple: D:4-7        Crypt: Vaults:2-3

Altars:
Ashenzari
Cheibriados
Gozag
Kikubaaqudgha
Makhleb
Qazlal
Sif Muna
Uskayaw
Vehumet
Xom

Shops:
D:6 *   D:11 =   D:13 =   D:15 [:   Orc:2 *!(*   Elf:2 [!(:!   Lair:5 =
Vaults:5 !??!

Portals:
Hell: Depths:4
Ziggurat: Depths:4

Annotations:
Lair:4 exclusion: 4 oklob plants
Elf:2 3 runed translucent doors


Innate Abilities, Weirdness & Mutations

You are completely covered in rugged brown scales. (AC +3, +7% HP)
Armour fits poorly on your strangely shaped body.
You have a long armoured tail.
You roll when moving toward enemies. (Rampage)
Your long tongue fully drains potion bottles. (2x potion effects)
Your tongue gives you trouble enunciating. (1.5x scroll delay)


Message History

What level of the Dungeon? (default 1, ? - help)
You see here a +0 robe.
A hellion comes into view.
The hellion gestures at you.
The sphere of damnation explodes!
The damnation engulfs you!!
You hit the hellion but do no damage.
You pulverise the hellion!!!
You kill the hellion!
No target in view!
You now have 1690 gold pieces (gained 8).
No target in view!
No target in view!
There is a stone staircase leading up here.
You climb upwards.
There is a stone staircase leading down here.
There is a stone staircase leading up here.
You climb upwards.
There is a stone staircase leading down here.
As you slowly read the scroll of teleportation, it crumbles to dust.
You feel strangely unstable.
You feel the Orb delaying your translocation!
You start waiting.
Your surroundings suddenly seem different.
As you slowly read the scroll of teleportation, it crumbles to dust.
You feel strangely unstable.
You feel the Orb delaying your translocation!
You feel yourself speed up.
You slurp down every last drop of the potion of haste!
You start waiting.
Your surroundings suddenly seem different.
Blink to where?
Press: ? - help, Q - select action, (/) - cycle Dir - move target As you slowly read the scroll of blinking, it crumbles to dust.
Blink to where?
Press: ? - help, Q - select action, (/) - cycle Dir - move target As you slowly read the scroll of blinking, it crumbles to dust.
There is a staircase leading out of the dungeon here.
You can't go down here!
Unknown command.
You have escaped!

≈≈ §≈ ##### §§≈≈
####§≈≈≈≈# ....#
#.#§§§≈≈#>@#≈≈≈§≈#
....#
#.#§≈#≈≈#..#§§#≈≈#
....#
#.#≈≈≈§≈#..#≈≈≈≈≈#
....#
#.#≈≈§§§§.§§§≈§≈≈#
....#
#.##≈§§§≈.§≈≈§≈≈##
....#
#.##≈§§#≈..§#≈≈≈#
....#
#.###≈≈≈≈..≈≈≈≈##
....# #.#
###§≈..≈≈### .[..#
#.#######§'#########


There were no monsters in sight!

Vanquished Creatures
  An ancient lich (Vaults:5)
  A dread lich (Zot:5)
  An orb of fire (Zot:5)
  Boris (Vaults:5)
  Sojobo (Vaults:3)
  Bai Suzhen (Elf:3)
  3 Killer Klowns (Zot:5)
  5 caustic shrikes (Depths:4)
  A curse toe (Zot:1)
  6 golden dragons
  Nikola (Spider:2)
  2 Tzitzimimeh
  An electric golem (Zot:2)
  Arachne (Spider:2)
  Jorgrun (D:14)
  A Hell Sentinel (Depths:4)
  Rupert (D:13)
  6 tentacled monstrosities
  A lich (Vaults:5)
  A deep elf master archer (Elf:3)
  A deep elf blademaster (Elf:3)
  11 Orb Guardians
  2 quicksilver dragons
  A thorn hunter (Swamp:4)
  5 death cobs
  3 sphinxes
  4 shadow dragons (Vaults:5)
  Gastronok (Lair:2)
  Kirke (Spider:4)
  Aizul (Swamp:1)
  4 tengu reavers
  Roxanne (Swamp:1)
  4 storm dragons
  2 draconian monks
  A fenstrider witch (Swamp:2)
  2 fire giants
  3 draconian knights
  3 emperor scorpions (Spider:4)
  3 deep elf sorcerers
  2 frost giants
  7 vault wardens
  3 draconian scorchers
  2 ghost moths (Zot:5)
  2 deep elf elementalists (Elf:3)
  Louise (Swamp:1)
  An orc warlord (Vaults:1)
  A draconian shifter (Zot:2)
  4 spectral caustic shrikes (Depths:2)
  A war gargoyle (Vaults:4)
  2 draconian stormcallers (Zot:1)
  4 ironbound preservers
  7 stone giants
  3 ironbound thunderhulks
  10 very ugly things
  A black draconian (Zot:1)
  4 green draconians
  3 deep elf demonologists (Elf:3)
  3 dire elephants (Vaults:1)
  4 eleionomae
  5 purple draconians
  7 bunyips
  4 red draconians
  2 yellow draconians (Zot:1)
  5 deep elf annihilators (Elf:3)
  9 spark wasps
  3 white draconians
  3 ettins
  3 deep elf death magi
  A blizzard demon (D:7)
  4 deep elf high priests
  2 shambling mangroves
  5 fire dragons
  6 yaktaur captains
  A rakshasa (Depths:2)
  17 hydras
  7 entropy weavers
  A peacekeeper (Vaults:4)
  21 vault guards
  2 ice dragons (Depths:2)
  8 ironbound frosthearts
  2 ghost crabs
  12 centaur warriors
  6 ogre magi
  3 radroaches
  20 two-headed ogres
  A catoblepas (Lair:4)
  3 great orbs of eyes
  2 jorogumos
  15 alligators
  4 spriggan air magi
  7 dancing weapons
  A merfolk avatar (Lair:5)
  3 deep troll earth magi (Depths:4)
  6 boulder beetles
  An occultist (Depths:1)
  8 death yaks (Lair:4)
  5 tengu warriors
  An orc high priest (Elf:1)
  7 demonic crawlers
  7 spriggan berserkers
  Urug (Lair:2)
  5 hell knights (Depths:3)
  12 deep elf knights
  A pharaoh ant (Spider:4)
  10 spriggans
  A skyshark (Lair:5)
  3 goliath frogs
  A sea snake (shapeshifter) (Vaults:5)
  3 spriggan druids (Swamp:4)
  A wretched star (Abyss:3)
  7 orb spiders
  9 deep trolls
  3 sun moths
  5 bog bodies
  9 swamp dragons
  3 ironbound convokers
  A lindwurm (Vaults:1)
  3 arcanists
  8 deep elf archers
  A glowing orange brain (Depths:4)
  A phantasmal warrior (Vaults:5)
  3 harpies (Lair:5)
  8 steelbarb worms
  11 deep elf zephyrmancers
  A necromancer (Depths:3)
  17 deep elf pyromancers
  13 ugly things
  20 wolf spiders
  5 orc knights
  4 manticores
  17 moths of wrath
  3 orc sorcerers
  3 cyclopes
  5 elephants
  A rust devil (D:8)
  A black mamba (Lair:4)
  11 vault sentinels
  A gargoyle (D:13)
  14 cane toads
  9 torpor snails
  A hellion (D:3)
  Joseph (D:8)
  5 rime drakes
  A kobold demonologist (D:11)
  Jeremiah (D:9)
  A rime drake (shapeshifter) (D:14)
  9 komodo dragons
  A tormentor (Zot:2)
  8 yaktaurs
  11 trolls
  A queen bee (Lair:4)
  A red devil (Depths:4)
  8 meliai
  2 bloated husks
  Grinder (D:3)
  7 blink frogs
  2 polar bears
  9 tyrant leeches
  A wind drake (shapeshifter) (Elf:1)
  12 tarantellas
  18 hornets
  17 culicivoras
  A slime creature (shapeshifter) (Vaults:5)
  21 jumping spiders
  2 air elementals
  18 slime creatures
  Sigmund (D:5)
  A shadow (D:11)
  64 yaks
  5 water elementals
  3 fire elementals
  7 basilisks
  Grum (D:10)
  4 wraiths
  A hog (Spider:4)
  2 humans (D:13)
  7 wyverns
  A vampire (D:13)
  2 steam dragons
  42 redbacks
  Menkaure (D:7)
  2 acid dragons
  18 swamp worms
  18 water moccasins
  31 orc warriors
  6 swamp drakes (Swamp:4)
  A black bear (D:5)
  31 ogres
  A sky beast (D:6)
  9 centaurs (D:13)
  27 wolves
  6 kobold brigands
  5 bullfrogs
  3 scorpions
  2 gnoll sergeants
  An earth elemental (Elf:3)
  7 wights
  39 killer bees
  6 electric eels
  3 howler monkeys
  A hound (D:4)
  8 jellies
  10 orc priests
  A gnoll bouda (D:8)
  Terence (D:2)
  A sleepcap (D:6)
  4 iguanas
  26 orc wizards
  5 hell rats
  28 gnolls
  10 adders
  2 river rats (Sewer)
  3 worms
  2 dart slugs (D:5)
  94 orcs
  12 ball pythons
  4 bats
  9 endoplasms
  5 giant cockroaches
  8 goblins
  9 hobgoblins
  13 jackals
  24 kobolds
  5 quokkas
  6 frilled lizards
  9 rats
1438 creatures vanquished.

Vanquished Creatures (collateral kills)
  An Orb Guardian (Zot:5)
  2 shadow dragons (Vaults:5)
  4 deep elf sorcerers (Elf:3)
  A vault warden (Vaults:5)
  A deep elf elementalist (Elf:3)
  A very ugly thing (Vaults:5)
  A deep elf demonologist (Elf:3)
  A deep elf annihilator (Elf:3)
  An ettin (Vaults:5)
  An entropy weaver (Vaults:5)
  A deep elf high priest (Elf:3)
  2 vault guards (Vaults:5)
  An ogre mage (Vaults:5)
  An alligator (Swamp:4)
  A dancing weapon (Elf:3)
  A deep troll earth mage (Vaults:5)
  2 deep elf knights (Elf:3)
  A goliath frog (shapeshifter) (Vaults:5)
  An ironbound convoker (Vaults:5)
  3 deep elf zephyrmancers (Elf:3)
  2 deep elf pyromancers (Elf:3)
  A vault sentinel (Vaults:5)
  A hornet (Swamp:4)
  2 spriggans (Swamp:4)
34 creatures vanquished.

Vanquished Creatures (others)
  A dread lich (Zot:5)
  An orb of fire (Zot:5)
  5 Killer Klowns (Zot:5)
  2 curse toes (Zot:5)
  2 electric golems (Zot:5)
  12 Orb Guardians (Zot:5)
  A lich (Vaults:5)
  2 quicksilver dragons
  A sphinx (Vaults:5)
  2 shadow dragons (Vaults:5)
  A fire giant (Vaults:5)
  2 deep elf sorcerers (Elf:3)
  A frost giant (Vaults:5)
  A draconian scorcher (Zot:5)
  A draconian stormcaller (Zot:5)
  6 vault wardens (Vaults:5)
  2 ironbound preservers (Vaults:5)
  2 draconian shifters (Zot:5)
  2 stone giants (Vaults:5)
  A green draconian (Zot:5)
  A deep elf demonologist (Vaults:5)
  A deep elf annihilator (Elf:3)
  3 black draconians (Zot:5)
  2 yellow draconians (Zot:5)
  3 red draconians (Zot:5)
  A white draconian (Zot:5)
  2 deep elf death magi (Vaults:5)
  2 ettins (Vaults:5)
  6 vault guards (Vaults:5)
  A deep elf high priest (Elf:3)
  4 yaktaur captains (Vaults:5)
  A deep elf knight (Elf:2)
  3 deep trolls (Vaults:5)
  3 deep elf archers (Elf:3)
  A phantasmal warrior (Vaults:5)
  3 deep elf zephyrmancers (Elf:3)
  2 deep elf pyromancers (Elf:3)
  A moth of wrath (Zot:5)
  A moth of wrath (shapeshifter) (Vaults:5)
  3 vault sentinels (Vaults:5)
  3 yaktaurs (Vaults:5)
  A freezing wraith (Vaults:5)
  2 humans (Spider:4)
98 creatures vanquished.

Grand Total: 1570 creatures vanquished

Notes
Turn   | Place    | Note
-------+----------+-------------------------------------------
     0 | D:1      | UnitStreak the Armataur Fighter began the quest for the
                  | Orb.
     0 | D:1      | Reached XP level 1. HP: 19/19 MP: 1/1
    17 | D:1      | Reached skill level 2 in Unarmed Combat
    56 | D:1      | Reached XP level 2. HP: 17/27 MP: 2/2
   239 | D:1      | Found a faded altar of an unknown god.
   264 | D:1      | Reached XP level 3. HP: 31/33 MP: 3/3
   893 | D:2      | Reached skill level 3 in Unarmed Combat
   896 | D:2      | Reached XP level 4. HP: 42/42 MP: 4/4
   967 | D:2      | Noticed a scorpion
   988 | D:2      | Killed a scorpion
  1126 | D:2      | Reached XP level 5. HP: 46/49 MP: 5/5
  1405 | D:2      | Noticed Terence
  1441 | D:2      | Killed Terence
  1722 | D:2      | Reached skill level 4 in Unarmed Combat
  1886 | D:3      | Noticed Grinder
  1901 | D:3      | Killed Grinder
  1902 | D:3      | Reached skill level 5 in Fighting
  1902 | D:3      | Reached XP level 6. HP: 42/59 MP: 6/6
  2188 | D:3      | Found a snail-covered altar of Cheibriados.
  2797 | D:4      | Reached skill level 5 in Unarmed Combat
  2884 | D:4      | Reached XP level 7. HP: 65/65 MP: 7/7
  3414 | D:5      | Entered Level 5 of the Dungeon
  3820 | D:5      | Noticed Sigmund
  3827 | D:5      | Killed Sigmund
  3828 | D:5      | Reached skill level 6 in Unarmed Combat
  4218 | D:6      | Reached XP level 8. HP: 29/75 MP: 8/8
  4638 | D:6      | Found a glowing drain.
  4723 | Sewer    | Entered a sewer
  4903 | Sewer    | Reached skill level 7 in Unarmed Combat
  4997 | D:6      | Found Wupemmud's Assorted Antiques.
  5020 | D:6      | Bought a slimy ruby amulet for 155 gold pieces
  5020 | D:6      | Identified the amulet "Kypper" {RegenMP rC- Int+3 Dex+3}
                  | (You bought it in a shop on level 6 of the Dungeon)
  5028 | D:6      | Found an opulent altar of Gozag.
  5039 | D:6      | Became a worshipper of Gozag Ym Sagoz the Greedy
  5065 | D:6      | Bought a scroll labelled GEBRIKH IDINI for 31 gold pieces
  5465 | D:6      | Bought a grey potion for 27 gold pieces
  5465 | D:6      | Bought a scroll labelled SINIAL VAIP for 31 gold pieces
  5860 | D:7      | Noticed Menkaure
  5864 | D:7      | Killed Menkaure
  5865 | D:7      | Reached XP level 9. HP: 70/86 MP: 9/9
  5966 | D:7      | Identified the ring of the Baleful Lime {rC++ EV+5 Int-5
                  | Slay+4 SInv}
  5987 | D:7      | Reached skill level 8 in Unarmed Combat
  6034 | D:6      | Bought 2 grey potions for 55 gold pieces
  6034 | D:6      | Bought 2 coppery potions for 55 gold pieces
  6035 | D:6      | Reached skill level 12 in Unarmed Combat
  6035 | D:6      | Reached XP level 10. HP: 103/103 MP: 10/10
  6035 | D:6      | Reached XP level 11. HP: 111/111 MP: 11/11
  6036 | D:6      | Reached skill level 15 in Unarmed Combat
  6036 | D:6      | Reached XP level 12. HP: 119/119 MP: 12/12
  6036 | D:6      | Reached XP level 13. HP: 126/126 MP: 13/13
  6083 | D:8      | Noticed Joseph
  6083 | D:8      | Identified the +1 leather armour of the Goldsmith {Harm
                  | rF++ rN+ Str-3}
  6091 | D:8      | Killed Joseph
  6147 | D:8      | Identified the +8 short sword of Mewkefea {drain, *Corrode
                  | rC+ Str+5}
  6150 | D:8      | Identified the +0 hat of Eternity {Drain rC+ rN+ SInv}
  6199 | D:8      | Found an ancient bone altar of Kikubaaqudgha.
  6294 | D:8      | Found a hide-covered altar of Uskayaw.
  6547 | D:8      | Found a shimmering altar of Xom.
  6579 | D:9      | Found a flagged portal.
  6593 | Bailey   | Entered a bailey
  6795 | Bailey   | Reached XP level 14. HP: 132/132 MP: 14/14
  6795 | Bailey   | Reached XP level 15. HP: 140/140 MP: 15/15
  7039 | D:9      | Reached skill level 16 in Unarmed Combat
  7154 | D:9      | Identified the +0 scale mail of the Evening Star {rPois
                  | Dex+3}
  7203 | D:9      | Identified the ring "Sywnargh" {rF+ rC+ rN+ Str+2 Dex-5
                  | SInv}
  7266 | D:9      | Noticed Jeremiah
  7316 | D:9      | Killed Jeremiah
  7746 | D:10     | Entered Level 10 of the Dungeon
  7899 | D:10     | Noticed Grum
  7913 | D:10     | Killed Grum
  7943 | D:10     | Found a broken altar of Ashenzari.
  8002 | D:10     | Reached skill level 5 in Shields
  8071 | D:10     | Found a radiant altar of Vehumet.
  8110 | D:10     | Found a burning altar of Makhleb.
  8204 | D:10     | Identified the +3 flail "Vecaoc" {freeze, rF- rC+++ SInv
                  | Stlth-}
  8209 | D:10     | Identified the +5 arbalest of Jeutoecon {penet, rN+ Str+3}
  8256 | D:10     | Found a staircase to the Lair.
  9646 | D:11     | Bought the ring of Muommu {rF+ rN+ Slay+5} for 800 gold
                  | pieces
 10158 | D:12     | Acquired 614 gold pieces
 10301 | D:12     | Found a staircase to the Orcish Mines.
 10464 | Orc:1    | Entered Level 1 of the Orcish Mines
 11174 | D:11     | Bought the ring of Dajirij {rElec rF+++ rC- Will+ Int+3}
                  | for 1026 gold pieces
 11361 | Orc:2    | Entered Level 2 of the Orcish Mines
 11361 | Orc:2    | Found a staircase to the Elven Halls.
 11544 | Orc:1    | Reached skill level 10 in Shields
 11752 | Orc:2    | Reached XP level 16. HP: 113/150 MP: 16/16
 11960 | Orc:2    | Found Ceggip's General Store.
 11960 | Orc:2    | Found Seolob's Antique Weapon Shoppe.
 11968 | Orc:2    | Found Siorymaj's General Store.
 11968 | Orc:2    | Found Unloveom's Distillery.
 11991 | Orc:2    | Bought a potion of heal wounds for 90 gold pieces
 11991 | Orc:2    | Bought a potion of curing for 54 gold pieces
 11991 | Orc:2    | Bought a potion of mutation for 144 gold pieces
 11991 | Orc:2    | Bought a potion of might for 72 gold pieces
 11991 | Orc:2    | Bought 2 potions of might for 144 gold pieces
 11991 | Orc:2    | Bought a potion of curing for 54 gold pieces
 11991 | Orc:2    | Bought a potion of curing for 54 gold pieces
 11994 | Orc:2    | Bought a scroll of fear for 52 gold pieces
 11994 | Orc:2    | Bought a scroll of identify for 26 gold pieces
 11994 | Orc:2    | Bought a +2 cloak for 214 gold pieces
 12423 | Lair:1   | Entered Level 1 of the Lair of Beasts
 13280 | Lair:2   | Noticed Urug
 13293 | Lair:2   | Killed Urug
 13387 | Lair:2   | Found a hole to the Spider Nest.
 13686 | Lair:2   | Noticed Gastronok
 13709 | Lair:2   | Killed Gastronok
 13821 | Lair:2   | Reached skill level 15 in Shields
 14031 | Lair:3   | Found a staircase to the Swamp.
 14570 | Lair:4   | Found a radiant altar of Vehumet.
 14581 | Lair:4   | Found a staircase to the Slime Pits.
 15462 | Lair:5   | Entered Level 5 of the Lair of Beasts
 15465 | Lair:5   | Bought the amulet of Vitality {RegenMP++ Regen++} for 1000
                  | gold pieces
 15465 | Lair:5   | Found the amulet of Vitality {RegenMP++ Regen++}
 15626 | Lair:5   | Reached skill level 17 in Unarmed Combat
 16352 | Lair:5   | Identified the +4 trident "Giantbane" {venom, rElec Stlth+}
 16530 | Swamp:1  | Identified the "Mehytial"
 16530 | Swamp:1  | Entered Level 1 of the Swamp
 16595 | Swamp:1  | Reached XP level 17. HP: 124/164 MP: 17/17
 16788 | Swamp:1  | Identified the serpent talisman of Untruth {rPois rCorr
                  | Int-4 Dex+3}
 16788 | Swamp:1  | Noticed Aizul
 16803 | Swamp:1  | Killed Aizul
 16955 | Swamp:1  | Noticed Roxanne
 16973 | Swamp:1  | Killed Roxanne
 16981 | Swamp:1  | Noticed Louise
 17014 | Swamp:1  | Killed Louise
 17438 | Swamp:2  | Reached skill level 15 in Fighting
 17762 | Swamp:2  | Found a shimmering blue altar of Sif Muna.
 17882 | Swamp:2  | Reached skill level 18 in Unarmed Combat
 18661 | Swamp:4  | Entered Level 4 of the Swamp
 18757 | Swamp:4  | Noticed a tentacled monstrosity
 18775 | Swamp:4  | Killed a tentacled monstrosity
 18795 | Swamp:4  | Identified the amulet of Riseji {Faith Fly rElec}
 18996 | Swamp:4  | Got a decaying rune of Zot
 19262 | Swamp:4  | Reached skill level 19 in Unarmed Combat
 19647 | Vaults:5 | Identified the "Xegen"
 19647 | Crypt:3  | Identified the of Zeadghena
 19647 | Crypt:3  | Identified the "Fegoukh"
 19647 | Crypt:3  | Identified the of Rolaojei
 19647 | Depths:2 | Identified the "Riuwi"
 19647 | Elf:1    | Entered Level 1 of the Elven Halls
 19671 | Elf:1    | Reached XP level 18. HP: 179/179 MP: 18/18
 20002 | Elf:1    | Acquired the +0 barding "Hyfot" {rC+ Slay+2 Stlth+}
 20615 | Elf:1    | Paralysed by an air elemental for 1 turns
 20664 | WizLab   | Identified the "Wemebep"
 20700 | Elf:2    | Found Pierus's Distillery.
 20715 | Elf:2    | Bought a potion of haste for 170 gold pieces
 20715 | Elf:2    | Bought a potion of haste for 170 gold pieces
 20715 | Elf:2    | Bought a potion of heal wounds for 85 gold pieces
 20844 | Elf:2    | Found Fedois's Distillery.
 20886 | Elf:2    | Bought a potion of might for 56 gold pieces
 20886 | Elf:2    | Bought 2 potions of curing for 84 gold pieces
 20886 | Elf:2    | Bought a potion of heal wounds for 70 gold pieces
 20886 | Elf:2    | Bought a potion of resistance for 140 gold pieces
 20886 | Elf:2    | Bought a potion of haste for 140 gold pieces
 20886 | Elf:2    | Bought a potion of curing for 42 gold pieces
 20935 | Elf:2    | Found Emuoduuw's Book Shop.
 20960 | Elf:2    | Found a runed translucent gate.
 20972 | Elf:2    | Found a runed translucent gate.
 21011 | Elf:2    | Found Pashuce's Weapon Shoppe.
 21160 | Elf:2    | Found a runed translucent gate.
 21358 | Elf:2    | Found a magical portal.
 21427 | Elf:2    | Found Tezorol's Armour Shop.
 21513 | Elf:3    | Identified the of Zufymief
 21513 | Elf:3    | Identified the "Dinep"
 21513 | Elf:3    | Entered Level 3 of the Elven Halls
 22064 | Elf:3    | Noticed a Hell Sentinel
 22147 | Abyss:3  | Cast into level 3 of the Abyss (a deep elf sorcerer)
 22192 | Elf:3    | Escaped the Abyss
 22203 | Elf:3    | Reached skill level 20 in Unarmed Combat
 22264 | Elf:3    | Identified the +7 arbalest "Leviticus" {freeze, Int+2}
 22270 | Elf:3    | Identified the ring "Ybaqo" {rF+ Will+ Str+3 Stlth+}
 22276 | Elf:3    | Identified the +6 long sword "Kuytid" {protect, rPois} (You
                  | took it off a deep elf zephyrmancer on level 3 of the Elven
                  | Halls)
 22279 | Elf:3    | Identified the +9 mace "Ocauq" {speed, MP+9}
 22315 | Elf:3    | Identified the maw talisman of Beluin {rC+ Will+ rCorr}
 22334 | Elf:3    | Identified the +0 scale mail "Vofod" {rN++}
 22335 | Elf:3    | Identified the staff "Lujowkuna" {rElec Str+5 Air}
 22348 | Elf:3    | Identified the staff of Slow Death {rPois rC+ Int-3 Hexes
                  | Tmut Ice}
 22351 | Elf:3    | Identified the +1 cloak of Wu Jian's Condemnation {Will+}
 22381 | Elf:3    | Noticed Bai Suzhen
 22394 | Elf:3    | Killed Bai Suzhen
 23081 | Spider:1 | Entered Level 1 of the Spider Nest
 23240 | Spider:1 | Reached XP level 19. HP: 191/191 MP: 19/19
 23911 | Spider:2 | Identified the +2 pair of gloves of Pride {Drain rF- Regen+
                  | SInv}
 23993 | Spider:2 | Noticed Nikola
 24004 | Spider:2 | Killed Nikola
 24107 | Spider:2 | Noticed Arachne
 24120 | Spider:2 | Killed Arachne
 24563 | Spider:3 | Reached skill level 21 in Unarmed Combat
 25417 | Spider:4 | Entered Level 4 of the Spider Nest
 25417 | Spider:4 | Noticed Kirke
 25424 | Spider:4 | Killed Kirke
 25631 | Spider:4 | Identified the +3 dagger of the Tired Nightmares {vamp,
                  | *Noise rElec Will+ Dex+3}
 26009 | Spider:4 | Got a gossamer rune of Zot
 26577 | D:13     | Found a gate to the Vaults.
 26678 | D:13     | Noticed Rupert
 26687 | D:13     | Killed Rupert
 27052 | D:14     | Noticed Jorgrun
 27062 | D:14     | Killed Jorgrun
 27080 | D:14     | Found a stormy altar of Qazlal.
 27599 | Vaults:1 | Entered Level 1 of the Vaults
 27615 | Vaults:1 | Reached XP level 20. HP: 202/206 MP: 20/20
 27820 | Vaults:1 | Reached skill level 22 in Unarmed Combat
 28392 | Vaults:3 | Noticed Sojobo
 28400 | Vaults:3 | Killed Sojobo
 28704 | Vaults:3 | Identified the +0 sling of Fortitude {freeze, Drain rC-
                  | Will+++ Int+8}
 29182 | Vaults:5 | Entered Level 5 of the Vaults
 29204 | Vaults:5 | Noticed Boris
 29232 | Vaults:5 | Killed Boris
 29254 | Vaults:5 | Noticed a golden dragon
 29277 | Vaults:5 | Noticed an ancient lich
 29288 | Vaults:5 | Killed a golden dragon
 29299 | Vaults:5 | Killed an ancient lich
 29300 | Vaults:5 | Reached skill level 23 in Unarmed Combat
 29356 | Vaults:5 | Identified the +0 helmet "Myafenk" {Int+3}
 29383 | Vaults:5 | Reached XP level 21. HP: 216/218 MP: 21/21
 29400 | Vaults:5 | Noticed a golden dragon
 29429 | Vaults:5 | Killed a golden dragon
 29584 | Vaults:5 | Found the +15 Maxwell's patent armour {-Cast -Tele rElec
                  | Will+ rCorr}
 29666 | Vaults:5 | Acquired 976 gold pieces
 29690 | Vaults:5 | Found Mipaddu's Magic Scroll Shoppe.
 29692 | Vaults:5 | Identified the +5 scale mail "Neryladd" {rElec rF+ Str+3
                  | Int-5}
 29793 | Vaults:5 | Identified the +10 spear of Checkmate {antimagic, Int+4
                  | Dex+6}
 29959 | Vaults:5 | Found Ohegol's Magic Scroll Shop.
 29964 | Vaults:5 | Bought a scroll of teleportation for 51 gold pieces
 29964 | Vaults:5 | Bought a scroll of fear for 68 gold pieces
 29964 | Vaults:5 | Bought a scroll of teleportation for 51 gold pieces
 29991 | Vaults:5 | Found Nimizxuq's Distillery.
 29996 | Vaults:5 | Bought a potion of invisibility for 160 gold pieces
 29996 | Vaults:5 | Bought a potion of heal wounds for 100 gold pieces
 29996 | Vaults:5 | Bought a potion of invisibility for 160 gold pieces
 29996 | Vaults:5 | Bought a potion of haste for 200 gold pieces
 30269 | Vaults:5 | Found Hiapp's Distillery.
 30270 | Vaults:5 | Got a silver rune of Zot
 30665 | D:15     | Entered Level 15 of the Dungeon
 30666 | D:15     | Found Husk's Antique Armour Emporium.
 30682 | D:15     | Found Nigemeh's Book Boutique.
 30709 | D:15     | Found a staircase to the Depths.
 30718 | Depths:1 | Entered Level 1 of the Depths
 31284 | Depths:4 | Entered Level 4 of the Depths
 31288 | Depths:4 | Noticed a caustic shrike
 31292 | Depths:4 | Noticed a caustic shrike
 31292 | Depths:4 | Noticed a caustic shrike
 31299 | Depths:4 | Killed a caustic shrike
 31315 | Depths:4 | Killed a caustic shrike
 31320 | Depths:4 | Noticed a caustic shrike
 31320 | Depths:4 | Noticed a caustic shrike
 31327 | Depths:4 | Killed a caustic shrike
 31336 | Depths:4 | Killed a caustic shrike
 31337 | Depths:4 | Reached skill level 24 in Unarmed Combat
 31341 | Depths:4 | Killed a caustic shrike
 31438 | Depths:4 | Found a gateway to Hell.
 31559 | Depths:4 | Found a one-way gateway to a ziggurat.
 31619 | Depths:4 | Noticed a golden dragon
 31623 | Depths:4 | Found a gate to the Realm of Zot.
 31682 | Depths:4 | Killed a golden dragon
 31690 | Depths:4 | Noticed a golden dragon
 31700 | Depths:4 | Killed a golden dragon
 31800 | Zot:1    | Entered Level 1 of the Realm of Zot
 31846 | Zot:1    | Noticed a golden dragon
 31850 | Zot:1    | Noticed a golden dragon
 31854 | Zot:1    | Reached XP level 22. HP: 145/232 MP: 22/22
 31870 | Zot:1    | Killed a golden dragon
 31878 | Zot:1    | Noticed a curse toe
 31879 | Zot:1    | Killed a golden dragon
 31887 | Zot:1    | Killed a curse toe
 31983 | Zot:2    | Identified the of Xudinn
 32272 | Zot:5    | Entered Level 5 of the Realm of Zot
 32569 | Zot:5    | Noticed a Killer Klown
 32569 | Zot:5    | Noticed a dread lich
 32569 | Zot:5    | Noticed a curse toe
 32570 | Zot:5    | Noticed a Killer Klown
 32570 | Zot:5    | Noticed a Killer Klown
 32570 | Zot:5    | Noticed a curse toe
 32578 | Zot:5    | Noticed a Killer Klown
 32579 | Zot:5    | Noticed an orb of fire
 32579 | Zot:5    | Noticed a Killer Klown
 32585 | Zot:5    | Killed a dread lich
 32590 | Zot:5    | Killed a Killer Klown
 32590 | Zot:5    | Killed a Killer Klown
 32596 | Zot:5    | Killed an orb of fire
 32603 | Zot:5    | Killed a curse toe
 32627 | Zot:5    | Killed a Killer Klown
 32634 | Zot:5    | Killed a curse toe
 32645 | Zot:5    | Noticed a dread lich
 32661 | Zot:5    | Killed a dread lich
 32662 | Zot:5    | Reached skill level 25 in Unarmed Combat
 32674 | Zot:5    | Noticed a Killer Klown
 32676 | Zot:5    | Noticed an ancient lich
 32676 | Zot:5    | Noticed a Killer Klown
 32676 | Zot:5    | Noticed a dread lich
 32706 | Zot:5    | Noticed an orb of fire
 32723 | Zot:5    | Killed an orb of fire
 32729 | Zot:5    | Killed a Killer Klown
 32741 | Zot:5    | Noticed a Killer Klown
 32758 | Zot:5    | Killed a Killer Klown
 32771 | Zot:5    | Killed a Killer Klown
 32990 | Zot:5    | Got the Orb of Zot
 33502 | D:6      | Noticed Odent the pandemonium lord
 33515 | D:5      | Noticed Segomman the pandemonium lord
 33620 | D:$      | Escaped with the Orb!

Illustrated notes

Levels and vault maps discovered:
D:1:      lightli_molten_gateway, layout_basic,
          shapermc_ecumenical_altar_flowoftime
D:2:      layout_rooms, serial_co_window_serial, co_window_paths_a,
          co_window_corner_a, co_window_paths_b, co_window_corner_a,
          co_window_of_opportunity_a, co_window_corner_ca, co_window_corner_b,
          co_window_broadway_c, co_window_4corner_b, co_window_4corner_a,
          glass_columns_b, uniq_terence
D:3:      layout_basic, cheibrodos_worm_habitat, uniq_grinder
D:4:      layout_cave_pools, hangedman_decor_riveting, chequers_arboretum
D:5:      layout_basic, minmay_temple_entry_fiery, chequers_big_river,
          chequers_serial_rivers_small_b, uniq_sigmund
D:6:      layout_rooms, grunt_gozag_breadcrumbs, serial_shops, shop,
          cheibrodos_sewer_entry_drain
D:7:      layout_basic, uniq_menkaure
D:8:      layout_rooms, lemuel_tele_altar, nicolae_kikubaaqudgha_miasma_corner,
          mainiacjoe_overflow_alcove_4, uniq_joseph
D:9:      layout_basic, enter_bailey_2, grunt_ministairs_15,
          hangedman_decor_lopped, uniq_jeremiah
D:10:     kennysheep_spiral_hall, layout_irregular_city, general_overflow_altar,
          lemuel_crystal_altar, bloody_makhleb, lair_entry_dummy, uniq_grum
D:11:     layout_basic, grunt_decor_mini_mirrors, bh_walls_and_bars
D:12:     layout_rooms, orc_0_dummy
D:13:     layout_cave_pools, hellmonk_vaults_keyhole, water_maze_lemuel,
          uniq_rupert
D:14:     layout_rooms, nicolae_qazlal_scattered_showers,
          minmay_misc_feat_nine_boxes, minivault_21, uniq_jorgrun
D:15:     grunt_enter_depths_snipers, layout_long_grid, serial_bayou_pond_d,
          serial_shops, nicolae_shop_window_shopping, shop,
          nicolae_book_shop_shelving, nicolae_shop_window_shopping,
          grunt_ministairs_12
Lair:1:   layout_cave_pods, serial_bayou_shore_b
Lair:2:   layout_cave_shapes, spider_nest_entry_rubble, serial_bayou_lagoon_a,
          uniq_gastronok, uniq_urug
Lair:3:   layout_cave_shapes, nicolae_swamp_entry_splash_gauntlet
Lair:4:   hangedman_what_comes_after_a, layout_regular_city,
          nicolae_slime_entry_slimehenge, basic_altar, st_stairs_10,
          serial_bayou_pond_b, lemuel_fruit_fields
Lair:5:   gammafunk_lair_ancient_temple, layout_layer_cave,
          amcnicky_mini_pool_medium
Swamp:1:  layout_basic_swamp, evilmike_swamp_ruin_house_6,
          infiniplex_staircase_pool_2, uniq_aizul, uniq_louise, uniq_roxanne
Swamp:2:  layout_basic_swamp, basic_altar
Swamp:3:  layout_basic_swamp, evilmike_swamp_ruin_rubble_1,
          infiniplex_staircase_pool
Swamp:4:  swamp_alternative, layout_basic_swamp
Spider:1: layout_spider_delve, drop_trap, nicolae_spider_nook
Spider:2: layout_spider_delve, uniq_arachne, uniq_nikola
Spider:3: layout_spider_delve
Spider:4: hellmonk_spider_rune_bug_friends, drop_trap, uniq_kirke
Orc:1:    layout_caves, basic_altar, lightli_church_of_beogh
Orc:2:    st_orc_ogre_mass, layout_caves
Elf:1:    nicolae_elf_arrival_no_cutting_in_line, layout_onion_city,
          hangedman_corner_corridor
Elf:2:    elven_hall_of_blades_hangedman_original
          [nicolae_vaults_blade_armed_guards], layout_loops_cross, serial_shops,
          shop, nicolae_shop_window_shopping, nicolae_shop_peninsula, shop,
          nicolae_shop_hallway_plus, infiniplex_enter_wizlab_spiral,
          minmay_librarian
Elf:3:    minmay_elf_hall_curves, layout_geoelf_castle, uniq_bai_suzhen
Vaults:1: nicolae_vaults_double_plus_2, nicolae_vaults_trapezoid_1,
          special_room_vaults [special_room_orc], v_misc_28,
          vaults_standard_mumra_enter_the_diamond, hangedman_vaults_cutoff,
          nicolae_vaults_network_periphery, nicolae_vaults_hallways_thing,
          ontoclasm_vaults_pinch, nicolae_vaults_lightning_bolt,
          nicolae_vaults_spaceships, nicolae_vaults_storage_closets_1,
          nicolae_vaults_trapezoid_1, nicolae_vaults_storage_room_doors,
          layout_vaults_omnibox
Vaults:2: gammafunk_ghost_grave, minmay_crypt_entry_simple_round,
          nicolae_vaults_variable_pillar_hall, nicolae_vaults_double_plus_1,
          v_misc_29, hangedman_vaults_stretched_pinwheel, v_misc_9,
          nicolae_vaults_house_1, nicolae_vaults_fighting_squares,
          nicolae_vaults_diamond_1, vaults_room_grid,
          nicolae_vaults_closet_pinwheel_6, ontoclasm_vaults_spin,
          layout_vaults_omnicross, serial_shops, shop
Vaults:3: nicolae_vaults_tangram_1, vaults_mumra_chevron,
          ontoclasm_vaults_loading_screen, v_misc_19, vaults_mumra_hexcomb,
          v_misc_11, vaults_room_fancy_cross, ontoclasm_vaults_eye,
          nicolae_vaults_statue_guard, nicolae_vaults_tetromino_L_2,
          nicolae_vaults_weapon_check, layout_vaults_chaotic_city, uniq_sojobo
Vaults:4: v_misc_29, nicolae_vaults_tetromino_L_2, nicolae_vaults_wrenched,
          nicolae_vaults_steering_wheel, hangedman_vaults_hat,
          nicolae_vaults_network_star, nicolae_vaults_house_1,
          nicolae_vaults_heist, nicolae_vaults_storage_room_water,
          vaults_room_hangedman_quadrants, layout_vaults_omnigrid
Vaults:5: serial_shops, uniq_boris
Depths:1: minmay_skeletal_surprise, layout_gridlike,
          nicolae_vehumet_altar_sigil, serial_shops, shop, hangedman_geh_valley,
          zin_purify, serial_bayou_shore_b, minmay_shop_star
Depths:2: evilmike_halls_of_destruction, layout_cave_pools,
          pf_hell_entry_tar_river, pan_entry, nicolae_hepliaklqana_hippocampus
Depths:3: minmay_fractal_lines_corner, layout_long_grid, abyss_entry,
          kennysheep_nondescript, lightli_too_deep, serial_bayou_shore_a
Depths:4: grunt_x_marks_the_spot, layout_long_grid, enter_ziggurat_c,
          chequers_serial_rivers_small_b, hell_entry
Zot:1:    kennysheep_oblong_rooms, layout_cathedral_of_symmetry,
          regret_index_zotdec_misc_clamp, regret_index_zotdec_serpentine_scales,
          grunt_ministairs_1
Zot:2:    minmay_elemental_castle, layout_misc_corridors,
          hangedman_zot_decor_scrapings
Zot:3:    layout_gridlike, regret_index_zotdec_banners, uniq_vv
Zot:4:    layout_cathedral_of_symmetry,
          regret_index_zotdec_abyssal_contain_seething_sorcery
Zot:5:    layout_cellular_growth

Skill      XL: |  1  2  3  4  5  6  7  8  9 10 11 12 13 14 15 16 17 18 19 20 21 22 |
---------------+-------------------------------------------------------------------+-----
Unarmed Combat | 2 3 4 5 6 7 12 15 16 17 19 20 21 23 24 25 | 25.4
Fighting       | 3 4 5 6 8 12 14 16 18 19 21 22 23 | 23.8
Shields        | 4 12 15 | 15.0
Armour         | 12 | 12.2

Action                     |  1- 3 |  4- 6 |  7- 9 | 10-12 | 13-15 | 16-18 | 19-21 | 22-24 || total
---------------------------+-------+-------+-------+-------+-------+-------+-------+-------++-------
  Melee: Unarmed           |   125 |   176 |   273 |       |   566 |  1622 |  1651 |   386 ||  4799
         Tailslap          |    17 |    16 |    43 |       |    82 |   315 |   378 |    89 ||   940
  Throw: Dart              |       |       |       |       |     9 |       |       |       ||     9
 Invoke: Call Merchant     |       |       |       |       |     1 |     1 |     1 |       ||     3
         Bribe Branch      |       |       |       |       |       |     1 |     1 |     1 ||     3
  Evoke: Wand              |       |       |       |       |     7 |    11 |    10 |     4 ||    32
         Phantom mirror    |       |       |       |       |       |     2 |       |       ||     2
    Use: Potion            |       |     1 |     1 |     1 |     1 |       |    18 |    15 ||    37
         Scroll            |       |       |     2 |       |    18 |    21 |    16 |    13 ||    70
   Stab: Distracted        |       |       |       |       |     2 |    13 |    17 |     1 ||    33
         Petrifying        |       |       |       |       |       |     2 |       |       ||     2
         Petrified         |       |       |       |       |       |     1 |       |       ||     1
         Invisible         |       |       |       |       |       |       |     6 |       ||     6
 Armour: Scale mail        |    96 |    48 |       |       |   111 |   743 |   916 |   276 ||  2190
         Ring mail         |       |    48 |   185 |       |   127 |       |       |       ||   360
  Dodge: Dodged            |    41 |    53 |    72 |       |   157 |   374 |   304 |    72 ||  1073
  Block: Buckler           |    21 |    23 |    48 |       |    39 |       |       |       ||   131
         Kite shield       |       |       |       |       |   174 |  1086 |  1039 |   220 ||  2519

Table legend: (Time is in decaauts)
 A = Elapsed time spent in this place.
 B = Non-inter-level travel time spent in this place.
 C = Inter-level travel time spent in this place.
 D = Time resting spent in this place.
 E = Time spent auto-exploring this place.
 F = Levels seen in this place.
 G = Mean time per level.
                   A        B        C        D        E       F      G
               +--------+--------+--------+--------+--------+-----+--------+
         Total |  32266 |  28112 |   4154 |    525 |  20353 |  50 |  645.3 |
       Dungeon |  12159 |  10268 |   1891 |    204 |   8035 |  15 |  810.6 |
          Lair |   4209 |   3793 |    416 |      0 |   2943 |   5 |  841.8 |
         Swamp |   2726 |   2627 |     99 |     72 |   1890 |   4 |  681.5 |
   Spider Nest |   2952 |   2825 |    127 |     49 |   2025 |   4 |  738.0 |
  Orcish Mines |   1674 |   1484 |    190 |     56 |   1080 |   2 |  837.0 |
   Elven Halls |   3069 |   2777 |    292 |      9 |   2156 |   3 | 1023.0 |
        Vaults |   2606 |   2364 |    242 |      0 |   1688 |   5 |  521.2 |
        Depths |   1057 |    653 |    404 |     34 |    155 |   4 |  264.2 |
           Zot |   1163 |    674 |    489 |     87 |      0 |   5 |  232.6 |
         Abyss |     43 |     43 |      0 |     11 |      0 |   1 |   43.0 |
         Sewer |    266 |    266 |      0 |      0 |    135 |   1 |  266.0 |
        Bailey |    337 |    337 |      0 |      2 |    245 |   1 |  337.0 |
               +--------+--------+--------+--------+--------+-----+--------+

Top non-repeatable levels by time:
    D:11: 1401 daAuts
   Elf:3: 1175 daAuts
  Lair:4: 1108 daAuts
    D:10: 1080 daAuts
     D:2: 1070 daAuts
   Elf:1: 1060 daAuts
Vaults:5: 1024 daAuts
  Lair:5: 993 daAuts
  Lair:1: 956 daAuts
    D:12: 933 daAuts
     D:3: 929 daAuts
     D:6: 915 daAuts
     D:5: 912 daAuts
     D:9: 899 daAuts
Spider:3: 881 daAuts
